 Dungeon Crawl Stone Soup version 0.26-a0-651-gb41185065b (webtiles) character file.

Game seed: 15063658305979463578

81 Irenicus the Digger (level 4, 28/36 HPs)
             Began as a Deep Dwarf Earth Elementalist on Oct 24, 2020.
             Quit the game on level 2 of the Dungeon.
             The game lasted 00:03:54 (702 turns).

Irenicus the Digger (Deep Dwarf Earth Elementalist)  Turns: 702, Time: 00:03:54

Health: 28/36      AC:  2    Str: 12    XL:     4   Next: 20%
Magic:  0/6        EV: 12    Int: 16    God:
Gold:   72         SH:  0    Dex: 13    Spells: 3/6 levels left

rFire    . . .     SeeInvis .   e - +0 short sword
rCold    . . .     Faith    .   (no shield)
rNeg     . . .     Spirit   .   c - +0 robe
rPois    .         Reflect  .   (no helmet)
rElec    .         Harm     .   (no cloak)
rCorr    .         Rampage  .   (no gloves)
MR       +....                  (no boots)
Stlth    +++.......             (no amulet)
HPRegen  0.00/turn              h - ring of protection from magic {MR+, !d}
MPRegen  0.10/turn              n - ring of stealth {Stlth+}

@: non-regenerating
A: damage resistance, heal wounds, sense surroundings 1, no regeneration
a: Heal Wounds


You were on level 2 of the Dungeon.
You visited 2 branches of the dungeon, and saw 5 of its levels.

You collected 72 gold pieces.

Inventory:

Hand Weapons
 e - a +0 short sword (weapon)
   (You took it off a kobold on level 3 of the Dungeon)
Missiles
 b - 52 stones (quivered)
Armour
 c - a +0 robe (worn)
 d - a +0 ring mail
   (You found it on level 1 of the Dungeon)
Jewellery
 h - a ring of protection from magic (left hand) {MR+, !d}
   (You found it on level 1 of the Dungeon)
 n - a ring of stealth (right hand) {Stlth+}
   (You found it on level 2 of the Dungeon)
Scrolls
 a - a scroll of enchant armour {unknown}
 i - a scroll of enchant weapon {unknown}
 j - 2 scrolls of immolation {unknown}
 l - a scroll of teleportation {unknown}
 m - a scroll of remove curse {unknown}
Potions
 f - a potion of curing {unknown}
 g - a potion of invisibility {unknown}
 k - a potion of flight {unknown}


   Skills:
 - Level 2.1 Dodging
 - Level 2.4 Stealth
 - Level 1.7 Spellcasting
 - Level 0.8 Transmutations
 + Level 6.7 Earth Magic


You had 3 spell levels left.
You knew the following spells:

 Your Spells              Type           Power        Failure   Level
a - Sandblast             Erth           ###...       1%          1
w - Passwall              Tmut/Erth      ##......     7%          2

Your spell library contained the following spells:

 Spells                   Type           Power        Failure   Level
 Stone Arrow              Conj/Erth      ##....       16%         3
 Lee's Rapid Deconstruct  Erth           ###.......   36%         5
 Petrify                  Tmut/Erth      ##......     41%         4


Dungeon Overview and Level Annotations

Branches:
Dungeon (4/15)             Temple (1/1) D:4

Altars:
Ashenzari
Gozag
Nemelex Xobeh
Ru
Trog
Yredelemnul
Zin
Lugonu


Innate Abilities, Weirdness & Mutations

You are resistant to damage.
You can heal yourself by infusing magical energy.
You passively map a small area around you.
You do not regenerate.


Message History

The ball python hisses angrily.
You now have 1/6 mp.
You closely miss the goblin. The goblin barely misses you.
The goblin hits you with a +0 dagger.
You hit the goblin.
You kill the goblin!
The goblin hits you but does no damage. The goblin misses you.
You hit the orc.
The orc is heavily wounded.
The orc hits you with a +0 whip. The goblin closely misses you.
The orc barely misses you.
You take 1 damage, and have 30/36 hp.
You closely miss the orc.
The orc is moderately wounded.
The goblin closely misses you. The orc hits you with a +0 whip.
You take 1 damage, and have 29/36 hp.
You hit the orc.
The orc is heavily wounded.
The goblin hits you. The orc hits you but does no damage.
You take 1 damage, and have 28/36 hp.
You hit the orc.
You kill the orc!
The goblin barely misses you. The ball python closely misses you.
The ball python grabs you. The ball python constricts you.
Casting: Sandblast (safe; 1% risk of failure)
Confirm with . or Enter, or press ? or * to list all spells.
Aiming: Sandblast (safe; 1% risk of failure)
Press: ? - help, Shift-Dir - straight line, f - goblin
Aim: a goblin The blast of sand hits the goblin!
You kill the goblin!
b - 29 stones The ball python bites you.
The ball python constricts you.
You now have 1/6 mp.
Casting: Sandblast (safe; 1% risk of failure)
Confirm with . or Enter, or press ? or * to list all spells.
Aiming: Sandblast (safe; 1% risk of failure)
Press: ? - help, Shift-Dir - straight line, f - ball python
Aim: a ball python (constricting you)
The blast of sand hits the ball python!
You kill the ball python!
b - 28 stones You now have 0/6 mp.
b - 45 stones (gained 17)
Items here: ))) ††.
A giant cockroach comes into view.
You see here 10 stones.
b - 55 stones (gained 10)
You see here 14 gold pieces.
You now have 72 gold pieces (gained 14).
The giant cockroach closely misses you.
Casting: Sandblast (safe; 1% risk of failure)
Confirm with . or Enter, or press ? or * to list all spells.
Aiming: Sandblast (safe; 1% risk of failure)
Press: ? - help, Shift-Dir - straight line, f - giant cockroach
Aim: a giant cockroach The blast of sand hits the giant cockroach!
You kill the giant cockroach!
b - 54 stones You now have 0/6 mp.
You see here a giant cockroach corpse.
n - a sapphire ring
n - a ring of stealth (right hand)
Found a stone staircase leading down.
There is a stone staircase leading down here.
An adder and a kobold come into view.
A kobold comes into view. It is wielding a +0 short sword.
Casting: Sandblast (safe; 1% risk of failure)
Confirm with . or Enter, or press ? or * to list all spells.
Aiming: Sandblast (safe; 1% risk of failure)
Press: ? - help, Shift-Dir - straight line, f - kobold
Aim: a kobold, wielding a +0 club (asleep)
The blast of sand hits the kobold!
You kill the kobold!
b - 53 stones The kobold shouts!
The adder hisses angrily.
You hear an angry hiss.
A frilled lizard comes into view.
The kobold throws a stone.
The stone barely misses you.
You now have 1/6 mp.
The adder bites you but does no damage.
The kobold throws a stone.
The stone completely misses you.
You see here a stone.
Casting: Sandblast (safe; 1% risk of failure)
Confirm with . or Enter, or press ? or * to list all spells.
Aiming: Sandblast (safe; 1% risk of failure)
Press: ? - help, Shift-Dir - straight line, f - adder
Aim: an adder The blast of sand misses the adder.
b - 52 stones The adder barely misses you.
You now have 0/6 mp.
Casting: Sandblast (safe; 1% risk of failure)
Confirm with . or Enter, or press ? or * to list all spells.
You don't have enough magic to cast that spell.
Unknown command.
Casting: Sandblast (safe; 1% risk of failure)
Confirm with . or Enter, or press ? or * to list all spells.
You don't have enough magic to cast that spell.
Unknown command.
Are you sure you want to abandon this character and quit the game? (Confirm with "yes".)

* , , ,, #######* ###
..# ......., #* #.##
#..# *....$. ,* #.###..
#.. ###..♣.♣
#.#$.$####.. , .....♣.♣
,,
##.##...##.#####.....♣
#,#......#.##...@S...♣ ,
,
####..8..#.##.##K...l...
##.......†.##.###.......
* ##))###..#....#
####### #..#.###.#.#####
, ..#### ###.....# ### ,
#.)##.# . ....###># #* ,
###### #.#


You could see an adder, a kobold and a frilled lizard.

Vanquished Creatures
  A hound (D:4)
  A gnoll (D:1)
  A leopard gecko (D:1)
  4 orcs
  2 ball pythons (D:2)
  3 giant cockroaches
  8 goblins
  4 hobgoblins
  2 bats (D:1)
  A frilled lizard (D:1)
  4 kobolds
  2 rats
33 creatures vanquished.

Notes
Turn   | Place    | Note
-------+----------+-------------------------------------------
     0 | D:1      | Irenicus the Deep Dwarf Earth Elementalist began the quest
                  | for the Orb.
     0 | D:1      | Reached XP level 1. HP: 15/15 MP: 3/3
   158 | D:3      | Noticed a phantom
   162 | D:3      | Found a sparkling altar of Nemelex Xobeh.
   162 | D:3      | Noticed an orc wizard
   183 | D:4      | Found a staircase to the Ecumenical Temple.
   186 | Temple   | Entered the Ecumenical Temple
   220 | D:4      | Noticed a hound
   225 | D:4      | Killed a hound
   225 | D:4      | Reached skill level 5 in Earth Magic
   225 | D:4      | Reached XP level 2. HP: 20/22 MP: 0/4
   225 | D:4      | Reached XP level 3. HP: 26/28 MP: 0/5
   285 | D:1      | Reached skill level 6 in Earth Magic
   333 | D:1      | Learned a level 2 spell: Passwall
   655 | D:2      | Reached XP level 4. HP: 31/36 MP: 4/6
   702 | D:2      | Quit the game

Illustrated notes

Levels and vault maps discovered:
D:1:      minmay_arrival_doors, layout_basic, minmay_octomino_e4
D:2:      layout_basic, chequers_garden, guppyfry_early_orc_mine
D:3:      layout_loops_ring, nemelex_xobeh_ov_fountains_minmay,
          marbit_many_paths, st_stairs_9
D:4:      layout_rooms, led_sif_book, lightli_temple_of_fire,
          minmay_temple_entry_large_hall, minmay_distorted
Temple:   corrupted_temple

Skill      XL: |  1  2  3 |
---------------+----------+-----
Earth Magic    | 5 6 |  6.7
Dodging        | |  2.1
Stealth        | |  2.4
Spellcasting   | |  1.7
Transmutations | |  0.8

Action                   |  1- 3 |  4- 6 || total
-------------------------+-------+-------++-------
Melee: Short sword       |     3 |     6 ||     9
 Cast: Sandblast         |    28 |     9 ||    37
       Passwall          |     5 |       ||     5
Armor: Robe              |     3 |     4 ||     7
Dodge: Dodged            |    18 |    13 ||    31

Table legend: (Time is in decaauts)
 A = Elapsed time spent in this place.
 B = Non-inter-level travel time spent in this place.
 C = Inter-level travel time spent in this place.
 D = Time resting spent in this place.
 E = Time spent auto-exploring this place.
 F = Levels seen in this place.
 G = Mean time per level.
                   A        B        C        D        E       F      G
               +--------+--------+--------+--------+--------+-----+--------+
         Total |    703 |    703 |      0 |      0 |      0 |   5 |  140.6 |
       Dungeon |    676 |    676 |      0 |      0 |      0 |   4 |  169.0 |
        Temple |     27 |     27 |      0 |      0 |      0 |   1 |   27.0 |
               +--------+--------+--------+--------+--------+-----+--------+

Top non-repeatable levels by time:
     D:1: 475 daAuts
     D:2: 106 daAuts
     D:3: 48 daAuts
     D:4: 45 daAuts
  Temple: 27 daAuts

Table legend:
 A = Kills in this place as a percentage of kills in entire the game.
 B = Kills by you in this place as a percentage of kills by you in the entire game.
 C = Kills by friends in this place as a percentage of kills by friends in the entire game.
 D = Other kills in this place as a percentage of other kills in the entire game.
 E = Experience gained in this place as a percentage of experience gained in the entire game.
 F = Experience gained in this place divided by the number of levels of this place that you have seen.
                   A       B       C       D       E      F
               +-------+-------+-------+-------+-------+----------------------
         Total | 100.0 | 100.0 |   N/A |   N/A | 100.0 |  23.4
       Dungeon | 100.0 | 100.0 |   N/A |   N/A | 100.0 |  29.2
               +-------+-------+-------+-------+-------+----------------------
